 Dungeon Crawl Stone Soup version 0.19.0-20-gbc5f0c6 (webtiles) character file.

1066 Mesmaeker13 the Fighter (level 8, -5/88 HPs)
             Began as an Ogre Berserker on Nov 17, 2016.
             Was a Believer of Trog.
             Slain by an orc warrior
             ... wielding a +0 scimitar
              (23 damage)
             ... on level 6 of the Dungeon.
             The game lasted 00:10:20 (4509 turns).

Mesmaeker13 the Fighter (Ogre Berserker)            Turns: 4509, Time: 00:10:21

Health: -5/88      AC:  4    Str: 28    XL:     8   Next: 28%
Magic:  8/8        EV: 12    Int:  8    God:    Trog [**....]
Gold:   110        SH:  0    Dex:  9    Spells: 0 memorised, 7 levels left

rFire  . . .     SeeInvis .     y - +0 giant spiked club
rCold  . . .     Gourm    .     b - +0 animal skin
rNeg   . . .     Faith    .     (shield currently unavailable)
rPois  +         Spirit   .     (helmet restricted)
rElec  .         Reflect  .     A - +0 cloak {rPois}
rCorr  .         Harm     .     (gloves unavailable)
MR     ++...                    (boots unavailable)
Stlth  ..........               E - amulet of regeneration
                                a - ring of loudness
                                f - +5 ring of strength

@: regenerating
A: unfitting armour, tough skin 1
a: Berserk, Trog's Hand, Burn Spellbooks, Renounce Religion


You were on level 6 of the Dungeon.
You worshipped Trog.
Trog was pleased with you.
You were not hungry.

You visited 1 branch of the dungeon, and saw 6 of its levels.

You collected 229 gold pieces.
You spent 119 gold pieces at shops.

Inventory:

Hand Weapons
 o - a +2 whip of electrocution
 y - a +0 giant spiked club (weapon)
 C - a +0 flail of holy wrath
Missiles
 t - 155 stones (quivered)
 w - 39 poisoned needles
Armour
 b - a +0 animal skin (worn)
 A - a +0 cloak of poison resistance (worn)
Jewellery
 a - a ring of loudness (right hand)
 f - a +5 ring of strength (left hand)
 E - an amulet of regeneration (around neck)
Wands
 B - a wand of polymorph (0/24)
Scrolls
 e - a scroll of enchant weapon
 i - 5 scrolls of remove curse
 k - 2 scrolls of enchant armour
 p - 2 scrolls of magic mapping {unknown}
 u - 2 scrolls of teleportation {unknown}
 v - a scroll of immolation {unknown}
 x - 2 scrolls of blinking {unknown}
 D - a scroll of amnesia {unknown}
 H - a scroll of identify
Potions
 d - a potion of magic {unknown}
 h - 3 potions of agility
 j - a potion of ambrosia {unknown}
 m - a potion of invisibility {unknown}
 n - 3 potions of flight
 s - a potion of brilliance {unknown}
 z - 2 potions of haste
 F - a potion of cancellation {unknown}
Books
 q - a book of Cantrips

   Spells                             Type                      Level
   a - Confusing Touch                Hexes                        1
   b - Animate Skeleton               Necromancy                   1
   c - Summon Small Mammal            Summoning                    1
   d - Apportation                    Translocation                1
   Trog disapproves of the use of such an item.
Comestibles
 c - a bread ration
 g - a beef jerky
 l - 2 meat rations
 r - 4 fruits
 G - 6 chunks of flesh


   Skills:
 + Level 8.1 Fighting
 + Level 7.9 Maces & Flails
 + Level 5.8 Dodging


You had 7 spell levels left.
You didn't know any spells.

Dungeon Overview and Level Annotations

Branches:
Dungeon (6/15)             Temple (0/1) D:5

Altars:
Hepliaklqana
Kikubaaqudgha
Ru
Trog

Shops:
D:4 *


Innate Abilities, Weirdness & Mutations

You are too large for most types of armour.
You have tough skin. (AC +1)


Message History

You barely miss the orc warrior.
The orc warrior is almost dead.
The orc warrior hits you with a scimitar.
The orc warrior hits you with a scimitar!
You closely miss the orc warrior.
The orc warrior is almost dead.
The orc warrior hits you with a scimitar!
You closely miss the orc warrior.
The orc warrior is almost dead.
The orc warrior hits you with a scimitar!
* * * LOW HITPOINT WARNING * * *
You barely miss the orc warrior.
The orc warrior is almost dead.
The orc warrior hits you with a scimitar.
* * * LOW HITPOINT WARNING * * *
Your skin crawls.
You feel resistant to hostile enchantments.
You feel quite a bit more hungry.
The orc warrior hits you with a scimitar!!
You die...

.#####......##......#.#.....)[.#.
....##......##......#.#..<.....#.
.##.................#.#.#........
.#####................#.#.....##.
## ######.#######...........##.
#.# #............#. #.#
#..........#.#.
#.#######.....#....#.#.
#.#...@o.....(#....#...
..#.#################.. #.. ##.
#> ##


You could see an orc warrior.

Vanquished Creatures
  Edmund (D:5)
  A phantom (D:4)
  2 ogres
  A bullfrog (D:5)
  A scorpion (D:5)
  A howler monkey (D:6)
  A bullfrog zombie (D:6)
  A centaur zombie (D:6)
  A jelly (D:5)
  An orc priest (D:6)
  A centaur skeleton (D:4)
  A hound (D:4)
  2 orc wizards
  5 worker ants
  7 adders
  A gnoll (D:1)
  An ooze (D:3)
  2 adder skeletons
  5 worms
  A dart slug (D:2)
  A leopard gecko (D:5)
  14 orcs
  4 bats
  7 giant cockroaches
  5 goblins
  3 hobgoblins
  3 jackals (D:2)
  7 kobolds
  3 quokkas
  A ball python (D:4)
  3 frilled lizards
  A quokka skeleton (D:4)
  3 rats
92 creatures vanquished.

Notes
Turn   | Place    | Note
-------+----------+-------------------------------------------
     0 | D:1      | Mesmaeker13 the Ogre Berserker began the quest for the Orb.
     0 | D:1      | Reached XP level 1. HP: 24/24 MP: 1/1
   156 | D:1      | Reached XP level 2. HP: 32/32 MP: 2/2
   699 | D:1      | Reached XP level 3. HP: 40/40 MP: 3/3
  1022 | D:2      | Found a faded altar of an unknown god.
  1159 | D:2      | Found an ancient bone altar of Kikubaaqudgha.
  1161 | D:2      | Found a bloodstained altar of Trog.
  1438 | D:2      | Reached XP level 4. HP: 44/49 MP: 4/4
  1522 | D:3      | Reached ** piety under Trog
  1853 | D:3      | Reached skill level 5 in Fighting
  1995 | D:4      | Reached skill level 5 in Maces & Flails
  1995 | D:4      | Reached XP level 5. HP: 55/57 MP: 5/5
  2399 | D:4      | Noticed an ogre
  2415 | D:4      | Killed an ogre
  2415 | D:4      | Reached XP level 6. HP: 67/67 MP: 6/6
  2530 | D:4      | Reached skill level 6 in Fighting
  2669 | D:4      | Noticed a phantom
  2696 | D:4      | Killed a phantom
  2846 | D:4      | Found Cufush's General Store.
  2857 | D:4      | Bought a +0 cloak of poison resistance for 119 gold pieces
  3004 | D:4      | Reached XP level 7. HP: 66/76 MP: 7/7
  3012 | D:5      | Entered Level 5 of the Dungeon
  3094 | D:5      | Noticed Edmund
  3111 | D:5      | Killed Edmund
  3111 | D:5      | Reached skill level 7 in Fighting
  3111 | D:5      | Reached skill level 5 in Dodging
  3160 | D:5      | Found a hazy altar of Hepliaklqana.
  3189 | D:5      | Found a staircase to the Ecumenical Temple.
  4328 | D:6      | Reached XP level 8. HP: 88/88 MP: 8/8
  4366 | D:6      | Reached skill level 8 in Fighting
  4397 | D:6      | Reached *** piety under Trog
  4453 | D:6      | Found a sacrificial altar of Ru.
  4509 | D:6      | Slain by an orc warrior

Skill      XL: |  1  2  3  4  5  6  7  8 |
---------------+-------------------------+-----
Dodging        | 3 4 5 |  5.8
Fighting       | 5 6 7 8 |  8.1
Maces & Flails | 5 6 7 |  7.9

Action                   |  1- 3 |  4- 6 |  7- 9 || total
-------------------------+-------+-------+-------++-------
Melee: Mace              |    43 |       |       ||    43
       Whip              |    23 |    86 |   111 ||   220
       Giant spiked club |       |    16 |    12 ||    28
Throw: Stone             |       |     7 |     2 ||     9
Invok: Berserk           |     1 |     1 |     1 ||     3
       Trog's Hand       |       |     2 |     1 ||     3
  Use: Scroll            |     1 |     3 |     3 ||     7
 Stab: Sleeping          |     1 |       |       ||     1
  Eat: Chunk             |     3 |     2 |     3 ||     8
       Bread ration      |       |     1 |     1 ||     2
Armor: Animal skin       |    22 |     7 |    10 ||    39
Dodge: Dodged            |    44 |    42 |    40 ||   126
